 Dungeon Crawl Stone Soup version 0.29.0-4-gdea44cf6ec (webtiles) character file.

Game seed: 9725275606459091511

44 qw the Ruffian (level 3, -1/28 HPs)
             Began as a Ghoul Fire Elementalist on Aug 29, 2022.
             Slain by Terence
             ... wielding a +0 hand axe
              (5 damage)
             ... on level 2 of the Dungeon.
             The game lasted 00:01:33 (1879 turns).

qw the Ruffian (Ghoul Fire Elementalist)            Turns: 1879, Time: 00:01:33

Health: -1/28      AC: 10    Str: 13    XL:     3   Next: 60%
Magic:  4/4        EV:  3    Int: 10    God:
Gold:   48         SH:  0    Dex:  9    Spells: 4/5 levels left

rFire   . . .      SeeInvis .     - Unarmed
rCold   + . .      Faith    .   (no shield)
rNeg    + + +      Spirit   .   g - +0 plate armour
rPois   inf        Reflect  .   (no helmet)
rElec   .          Harm     .   (no cloak)
rCorr   .          Rampage  .   (no gloves)
Will    .....                   (no boots)
Stlth   ..........              (no amulet)
HPRegen 0.00/turn               (no ring)
MPRegen 0.09/turn               (no ring)

@: inhibited regen
A: claws 1, cold resistance 1, negative energy resistance 3, inhibited
regeneration, torment resistance 2, devour on kill
a: no special abilities


You were on level 2 of the Dungeon.
You visited 1 branch of the dungeon, and saw 2 of its levels.

You collected 48 gold pieces.


Innate Abilities, Weirdness & Mutations

You are immune to poison.
You have sharp fingernails.
Your flesh is cold resistant. (rC+)
You are immune to negative energy. (rN+++)
You do not regenerate when monsters are visible.
You are immune to unholy pain and torment.
You thrive by killing the living.


   Skills:
 - Level 1.2 Fighting
 + Level 0.2 Armour
 - Level 1.7 Dodging
 - Level 2.1 Stealth
 - Level 3.0 Unarmed Combat
 - Level 1.7 Spellcasting
 - Level 0.7 Conjurations
 - Level 2.4 Fire Magic


You had 4 spell levels left.
You knew the following spells:

 Your Spells              Type           Power      Damage    Failure   Level
a - Foxfire               Conj/Fire      16%        2x1d4     100%        1

Your spell library contained the following spells:

 Spells                   Type           Power      Damage    Failure   Level
 Scorch                   Fire           10%        2d5       100%        2
 Conjure Flame            Conj/Fire      4%         6-21      100%        3
 Inner Flame              Hex/Fire       3%         N/A       100%        3
 Flame Wave               Conj/Fire      4%         2d5       100%        4

Inventory:

Armour
 g - a +0 plate armour (worn)
Scrolls
 a - a scroll of identify
Potions
 b - 2 potions of lignification {unknown}
 e - a potion of attraction {unknown}
 f - a potion of mutation {unknown}
 i - a potion of heal wounds {unknown}

Dungeon Overview and Level Annotations

Branches:
Dungeon (2/15)

Altars:

Shops:
D:1 [

Annotations:
D:2 Terence


Message History

The dart slug barely misses you.
You claw the dart slug!
You kill the dart slug!
You start resting.
HP restored.
You see here a dart slug corpse.
Found a club.
Enter note:
Found an escape hatch in the floor.
Found a leather armour.
You see here a +0 leather armour.
Terence the Incautious comes into view.
He is wielding a +0 hand axe.
You scratch Terence but do no damage. Terence hits you with a +0 hand axe.
You barely miss Terence. Terence hits you with a +0 hand axe.
You scratch Terence but do no damage. Terence hits you with a +0 hand axe!
You scratch Terence.
Terence is moderately wounded.
Terence hits you but does no damage.
You closely miss Terence.
Terence is moderately wounded.
Terence hits you with a +0 hand axe.
You barely miss Terence.
Terence is moderately wounded.
Terence hits you but does no damage.
You barely miss Terence.
Terence is moderately wounded.
Terence hits you with a +0 hand axe.
You closely miss Terence.
Terence is moderately wounded.
Terence barely misses you.
You scratch Terence.
Terence is moderately wounded.
Terence hits you with a +0 hand axe.
You scratch Terence but do no damage.
Terence is moderately wounded.
Terence hits you with a +0 hand axe.
You die...

...).#..# #.#
..>.##..####.#
##.......[..#
####..######
#..#
#..########
#.........#
##.######.#
#@# #.@......
#########


You could see Terence.

Vanquished Creatures
  An adder (D:2)
  A dart slug (D:2)
  3 endoplasms
  A giant cockroach (D:1)
  2 goblins (D:1)
  6 hobgoblins
  A quokka (D:1)
  7 ball pythons
  3 bats (D:1)
  A frilled lizard (D:1)
  3 kobolds
  A rat (D:1)
30 creatures vanquished.

Vanquished Creatures (others)
  2 fungi (D:2)
  2 plants (D:2)
4 creatures vanquished.

Grand Total: 34 creatures vanquished

Notes
Turn   | Place    | Note
-------+----------+-------------------------------------------
     0 | D:1      | qw the Ghoul Fire Elementalist began the quest for the Orb.
     0 | D:1      | Reached XP level 1. HP: 14/14 MP: 2/2
     0 | D:1      | 0 ||| qw: Version: 0.1-a-90-g952f4b7
     0 | D:1      | 0 ||| qw: Game counter: 3905
     0 | D:1      | 0 ||| qw: Always use a shield: true
     0 | D:1      | 0 ||| qw: God list: Okawaru
     0 | D:1      | 0 ||| qw: Allow faded altars: false
     0 | D:1      | 0 ||| qw: Do Orc after D:15 true
     0 | D:1      | 0 ||| qw: Do second Lair branch before Depths: true
     0 | D:1      | 0 ||| qw: Lair rune preference: random
     0 | D:1      | 0 ||| qw: Plans: Normal
     0 | D:1      | 0 ||| PLANNING D:1-11
   251 | D:1      | Reached skill level 1 in Unarmed Combat
   558 | D:1      | Reached skill level 1 in Fighting
   558 | D:1      | Reached XP level 2. HP: 6/23 MP: 3/3
  1376 | D:1      | 1376 ||| Stepping ~*~*~tactically~*~*~ (stealth).
  1378 | D:1      | 1378 ||| Stepping ~*~*~tactically~*~*~ (stealth).
  1462 | D:1      | 1462 ||| Stepping ~*~*~tactically~*~*~ (stealth).
  1469 | D:1      | Reached skill level 2 in Unarmed Combat
  1478 | D:1      | 1478 ||| Stepping ~*~*~tactically~*~*~ (stealth).
  1485 | D:1      | 1485 ||| Stepping ~*~*~tactically~*~*~ (stealth).
  1568 | D:1      | Found Basheduymn's Armour Shop.
  1617 | D:1      | 1617 ||| SHOPLISTING +0 pair of boots (49 gold, have 22).
  1617 | D:1      | 1617 ||| UPGRADING to +0 plate armour.
  1627 | D:1      | 1627 ||| DROPPING +0 robe.
  1628 | D:1      | 1628 ||| READING scroll labelled FOHUGA PEQONLU.
  1629 | D:1      | 1629 ||| READING scroll labelled DEKIAT SESA.
  1630 | D:1      | 1630 ||| READING scroll labelled UPSUENYSCHO.
  1631 | D:1      | 1631 ||| READING scroll labelled KOZAZE SO NEOK.
  1632 | D:1      | 1632 ||| DROPPING potion of magic.
  1676 | D:2      | 1676 ||| STAIRDANCE
  1687 | D:2      | Reached XP level 3. HP: 28/28 MP: 4/4
  1687 | D:2      | 1687 ||| STAIRDANCE
  1715 | D:2      | Found a faded altar of an unknown god.
  1728 | D:2      | 1728 ||| Stepping ~*~*~tactically~*~*~ (stealth).
  1747 | D:2      | Reached skill level 3 in Unarmed Combat
  1810 | D:2      | 1810 ||| Stepping ~*~*~tactically~*~*~ (hiding).
  1869 | D:2      | Noticed Terence
  1878 | D:2      | HP: 4/28 [Terence/+0 hand axe (5)]
  1879 | D:2      | Slain by Terence

Levels and vault maps discovered:
D:1:      nicolae_arrival_memento_mori, layout_rooms, serial_shops,
          shop_fountains, chequers_serial_rivers_large_b,
          corexii_hall_statues_t, minmay_misc_feat_iff
D:2:      layout_loops_ring, shapermc_ecumenical_altar_mp_urbaneastern,
          uniq_terence

Skill      XL: |  1  2  3 |
---------------+----------+-----
Unarmed Combat | 1 2 3 |  3.0
Fighting       | 1 |  1.2
Armour         | |  0.2
Dodging        | |  1.7
Stealth        | |  2.1
Spellcasting   | |  1.7
Conjurations   | |  0.7
Fire Magic     | |  2.4

Action                   || total
-------------------------++-------
Melee: Unarmed           ||   156
       Punch             ||     1
  Use: Scroll            ||     4
Armor: Robe              ||    23
       Plate armour      ||    33
Dodge: Dodged            ||    77

Table legend:
 A = Non-vault XP
 B = Vault XP
 C = Vault XP percentage of total XP
 D = Non-vault monster count
 E = Vault monster count
 F = Vault count percentage of total count
                 A         B        C        D         E       F
            +---------+---------+-------+---------+---------+-------
      Total |      63 |       0 |   0.0 |      30 |       0 |   0.0
            +---------+---------+-------+---------+---------+-------
        D:1 |      35 |       0 |   0.0 |      22 |       0 |   0.0
        D:2 |      28 |       0 |   0.0 |       8 |       0 |   0.0
            +---------+---------+-------+---------+---------+-------
